 Dungeon Crawl Stone Soup version 0.19.1-1-g22dce08 (console) character file.

11859 Kloppie the Carver (level 12, 0/87 HPs)
             Began as a Formicid Fighter on Jan 8, 2017.
             Was a Follower of Hepliaklqana.
             Slain by an orc warrior
             ... wielding a +1 halberd of protection
              (17 damage)
             ... on level 10 of the Dungeon.
             The game lasted 00:19:21 (12208 turns).

Kloppie the Carver (Formicid Fighter)              Turns: 12208, Time: 00:19:22

Health: 0/87       AC: 20    Str: 21    XL:     12   Next: 13%
Magic:  12/12      EV:  6    Int:  9    God:    Hepliaklqana [*.....]
Gold:   546        SH: 12    Dex: 14    Spells: 0 memorised, 11 levels left

rFire  . . .     SeeInvis +     a - +0 long sword
rCold  . . .     Gourm    .     C - +3 plate armour {MR+}
rNeg   . . .     Faith    .     c - +0 shield
rPois  .         Spirit   .     (helmet unavailable)
rElec  .         Reflect  .     o - +0 cloak
rCorr  .         Harm     .     (no gloves)
MR     ++...     Clarity  +     (no boots)
Stlth  ..........               (no amulet)
                                (no ring)
                                (no ring)

@: no status effects
A: permanent stasis, dig shafts and tunnels, four strong arms, reduced essence,
antennae 3, claws 1, iridescent scales 1, clarity, subdued magic 1
a: Dig, Shaft Self, Recall Ancestor, Ancestor Identity, Renounce Religion


You were on level 10 of the Dungeon.
You worshipped Hepliaklqana.
Hepliaklqana was aware of your devotion.
You were not hungry.

You visited 2 branches of the dungeon, and saw 11 of its levels.

You collected 696 gold pieces.
You spent 150 gold pieces at shops.

Inventory:

Hand Weapons
 a - a +0 long sword (weapon)
Armour
 c - a +0 shield (worn)
 o - a +0 cloak (worn)
 C - a +3 plate armour of magic resistance (worn)
 I - a +0 plate armour of fire resistance
Jewellery
 H - an uncursed ring of fire {unknown}
Wands
 d - a wand of iceblast (5/15)
 g - a wand of digging (12/24)
 h - a wand of flame (28/48)
 k - a wand of polymorph (2/24)
 s - a wand of flame (27/48)
 v - a wand of random effects (23/48)
 w - a wand of flame (28/48)
 x - a wand of lightning (9/15)
 G - a wand of iceblast (6/15)
Scrolls
 b - 10 scrolls of remove curse
 l - 3 scrolls of amnesia
 m - a scroll of enchant weapon
 q - 3 scrolls of noise
 u - a scroll of random uselessness {unknown}
 y - 2 scrolls of recharging {unknown}
 A - a scroll of fog {unknown}
 E - a scroll of fear {unknown}
Potions
 e - 2 potions of curing
 z - a potion of magic
 B - a potion of brilliance
Books
 i - a book of Necromancy

   Spells                             Type                      Level
   a - Pain                           Necromancy                   1
   b - Animate Skeleton               Necromancy                   1
   c - Vampiric Draining              Necromancy                   3
   d - Regeneration                   Charms/Necromancy            3
   e - Animate Dead                   Necromancy                   4
   f - Control Undead                 Necromancy                   4
 p - a book of Air

   Spells                             Type                      Level
   a - Shock                          Conjuration/Air              1
   b - Swiftness                      Charms/Air                   2
   c - Repel Missiles                 Charms/Air                   2
   d - Static Discharge               Conjuration/Air              3
   e - Lightning Bolt                 Conjuration/Air              5
 D - a Young Poisoner's Handbook

   Spells                             Type                      Level
   a - Sting                          Conjuration/Poison           1
   b - Mephitic Cloud                 Conjuration/Poison/Air       3
   c - Olgreb's Toxic Radiance        Poison                       4
   d - Alistair's Intoxication        Transmutation/Poison         5
   e - Venom Bolt                     Conjuration/Poison           5
Comestibles
 f - 9 bread rations
 j - 4 meat rations
 n - 5 beef jerkies
 r - 5 fruits
 F - 7 slices of pizza
 J - 3 chunks of flesh


   Skills:
 - Level 10.1 Fighting
 + Level 12.9 Long Blades
 + Level 8.4 Armour
 - Level 9.1 Shields


You had 11 spell levels left.
You didn't know any spells.

Dungeon Overview and Level Annotations

Branches:
Dungeon (10/15)            Temple (1/1) D:5            Lair (0/6) D:8
    Orc (0/2) D:9

Altars:
Ashenzari
Cheibriados
Dithmenos
Elyvilon
Fedhas
Gozag
Hepliaklqana
Kikubaaqudgha
Makhleb
Nemelex Xobeh
Okawaru
Qazlal
Ru
Sif Muna
Trog
Uskayaw
Vehumet
Xom
Yredelemnul
Zin
The Shining One

Shops:
D:4 *


Innate Abilities, Weirdness & Mutations

You are under a permanent stasis effect.
You can dig through walls and to a lower floor.
Your four strong arms can wield two-handed weapons with a shield.
You have a pair of large antennae on your head. (SInv)
Your life essence is reduced. (-10% HP)
You have sharp fingernails.
You are partially covered in iridescent scales. (AC +2)
You possess an exceptional clarity of mind.
Your spells are a little easier to cast, but a little less powerful.


Message History

The orc hits you but does no damage. You block the orc warrior's attack.
Huemac hits the orc.
You slash the orc!
You kill the orc!
The orc warrior hits you from afar with a halberd of protection!!
* * * LOW HITPOINT WARNING * * *
You hit the orc.
The orc is moderately wounded.
You block the orc's attack.
Huemac hits the orc warrior.
You slash the orc!
You kill the orc!
The orc warrior closely misses you.
Huemac hits the orc warrior but does no damage.
The orc warrior hits you from afar with a halberd of protection.
* * * LOW HITPOINT WARNING * * *
Things that are here:
a club; a dagger You feel much better.
Huemac hits the orc warrior.
The orc warrior hits you from afar with a halberd of protection!
You die...

#....≈≈≈≈≈≈≈≈≈≈≈≈≈≈≈≈≈≈≈....≈
#....≈≈#####≈≈≈≈≈≈≈≈≈≈≈≈....≈
#....≈≈#oo.#.................
#...P≈≈#oo.#############''''#
#....≈≈###'# #.......#....#
#....≈≈≈.#.. #.......#....#
#....≈≈≈.# #.......'....'
#....≈≈≈.#.#####'############
#.P..≈≈≈.#..@(.#.......#.
#....≈≈≈.#..)..#.........
#....≈≈≈.#.##Ro#)(.{.....
#....≈≈≈.#.#...(..{....#.
#....≈≈≈.# #....########
#....≈≈###+#....' .
#....≈≈#...##################
#....≈≈#oo.#............[....
#....≈≈#####≈≈≈≈≈≈≈≈≈≈≈≈≈≈≈≈≈


You could see the friendly Huemac the ancestor and an orc warrior.

Vanquished Creatures
  A centaur warrior (D:10)
  Pikel (D:5)
  A cyclops (D:9)
  An orc knight (D:10)
  2 trolls (D:9)
  A hippogriff (D:7)
  A slime creature (D:8)
  Sigmund (D:2)
  6 yaks
  3 wyverns
  3 hogs (D:7)
  A basilisk (D:9)
  A human (D:7)
  A hungry ghost (D:8)
  14 wargs
  2 phantoms
  2 sky beasts
  2 slaves (D:5)
  Purgy (D:3)
  5 orc warriors
  2 ice beasts
  2 ogres (D:10)
  4 centaurs
  A crocodile (D:10)
  The ghost of McKennaii the Gusty, an amateur HEAE (D:3)
  A big kobold (D:10)
  6 bullfrogs
  2 water moccasin zombies
  7 killer bees (D:9)
  3 scorpions
  2 crimson imps
  2 centaur skeletons
  4 bullfrog skeletons
  4 orc priests
  5 hounds
  Ijyb (D:3)
  6 iguanas
  2 orc wizards (D:8)
  8 worker ants
  A killer bee zombie (D:8)
  A hound zombie (D:4)
  9 gnolls
  7 adders
  A shadow imp (D:5)
  An ooze (D:3)
  An adder zombie (D:7)
  2 adder skeletons
  4 worms
  5 dart slugs
  5 leopard geckos
  33 orcs
  6 giant cockroaches
  11 hobgoblins
  8 jackals
  11 kobolds
  5 quokkas
  3 ball pythons
  12 bats
  5 frilled lizards
  7 goblins
  A leopard gecko skeleton (D:5)
  8 rats
260 creatures vanquished.

Vanquished Creatures (collateral kills)
  A hippogriff (D:9)
  3 wargs (D:10)
  An ice beast (D:9)
  An orc warrior (D:10)
  A centaur (D:9)
  A bullfrog (D:10)
  2 killer bees (D:10)
  A centaur zombie (D:8)
  A jelly (D:8)
  2 orc priests (D:10)
  A hound (D:8)
  An orc wizard (D:7)
  A killer bee zombie (D:8)
  4 orcs
  A kobold (D:10)
22 creatures vanquished.

Vanquished Creatures (others)
  A centaur skeleton (D:5)
  7 ancestors
  2 gnolls (D:5)
  A jackal zombie (D:5)
  8 plants (D:10)
19 creatures vanquished.

Grand Total: 301 creatures vanquished

Notes
Turn   | Place    | Note
-------+----------+-------------------------------------------
     0 | D:1      | Kloppie the Formicid Fighter began the quest for the Orb.
     0 | D:1      | Reached XP level 1. HP: 18/18 MP: 1/1
   353 | D:1      | Reached XP level 2. HP: 17/24 MP: 2/2
   798 | D:2      | Reached XP level 3. HP: 29/30 MP: 3/3
  1037 | D:2      | Noticed Sigmund
  1070 | D:2      | Killed Sigmund
  1070 | D:2      | Reached skill level 5 in Fighting
  1070 | D:2      | Reached skill level 4 in Long Blades
  1070 | D:2      | Reached XP level 4. HP: 21/40 MP: 4/4
  1070 | D:2      | Reached XP level 5. HP: 24/46 MP: 5/5
  1070 | D:2      | Reached XP level 6. HP: 27/52 MP: 6/6
  1556 | D:3      | Found an iron altar of Okawaru.
  1733 | D:3      | Noticed Ijyb
  1753 | D:3      | Killed Ijyb
  2072 | D:3      | Noticed McKennaii's ghost (amateur HEAE)
  2078 | D:3      | Killed McKennaii's ghost
  2078 | D:3      | Reached skill level 5 in Long Blades
  2078 | D:3      | Reached XP level 7. HP: 58/58 MP: 7/7
  2524 | D:3      | Noticed Purgy
  2571 | D:3      | Killed Purgy
  3195 | D:4      | Reached skill level 5 in Shields
  3371 | D:4      | Found Pitso's Antique Armour Shop.
  3386 | D:4      | Reached XP level 8. HP: 53/64 MP: 8/8
  3436 | D:4      | Found Runilen's Assorted Antiques.
  3439 | D:4      | Bought a scroll labeled UGAHEOCWEPN for 27 gold pieces
  3439 | D:4      | Bought a scroll labeled SOLAEBB PONED for 27 gold pieces
  3439 | D:4      | Bought 2 fizzy dark potions for 48 gold pieces
  3439 | D:4      | Bought a black potion for 24 gold pieces
  3439 | D:4      | Bought a sapphire potion for 24 gold pieces
  3473 | D:4      | Reached skill level 6 in Long Blades
  3534 | D:4      | Found an opulent altar of Gozag.
  3796 | D:4      | Found a faded altar of an unknown god.
  3796 | D:4      | Found a faded altar of an unknown god.
  3812 | D:4      | Found a white marble altar of Elyvilon.
  3814 | D:4      | Found a faded altar of an unknown god.
  3816 | D:4      | Found a faded altar of an unknown god.
  3863 | D:5      | Entered Level 5 of the Dungeon
  4053 | D:5      | Noticed Pikel
  4159 | D:5      | Killed Pikel
  4159 | D:5      | Reached skill level 7 in Long Blades
  4159 | D:5      | Reached XP level 9. HP: 38/69 MP: 9/9
  4382 | D:5      | Found a blossoming altar of Fedhas.
  4465 | D:5      | Found a staircase to the Ecumenical Temple.
  4687 | D:5      | Reached skill level 8 in Long Blades
  6404 | D:7      | Noticed a hippogriff
  6420 | D:7      | Killed a hippogriff
  6420 | D:7      | Reached skill level 9 in Long Blades
  6530 | D:7      | Found a glowing silver altar of Zin.
  6549 | D:7      | Found a bloodstained altar of Trog.
  6549 | D:7      | Found a burning altar of Makhleb.
  6549 | D:7      | Found a sacrificial altar of Ru.
  6550 | D:7      | Found a deep blue altar of Sif Muna.
  6550 | D:7      | Found a basalt altar of Yredelemnul.
  6602 | D:7      | Reached skill level 5 in Armour
  6602 | D:7      | Reached XP level 10. HP: 64/76 MP: 10/10
  6875 | Temple   | Entered the Ecumenical Temple
  6978 | Temple   | Became a worshipper of Hepliaklqana the Forgotten
  7076 | D:8      | Reached skill level 10 in Long Blades
  7213 | D:8      | HP: 1/68 [orc warrior/mace (13)]
  7217 | D:8      | Gained mutation: You have sharp fingernails. [potion of mutation]
  7217 | D:8      | Gained mutation: You are frail. (-10% HP) [potion of mutation]
  7217 | D:8      | Lost mutation: You are frail. (-10% HP) [potion of mutation]
  7631 | D:8      | Found a staircase to the Lair.
  8957 | D:9      | Reached * piety under Hepliaklqana
  9109 | D:9      | Reached skill level 11 in Long Blades
  9143 | D:9      | Reached XP level 11. HP: 64/74 MP: 11/11
  9199 | D:9      | Gained mutation: Your spells are a little easier to cast, but a little less powerful. [mutagenic meat]
  9200 | D:9      | Gained mutation: You possess an exceptional clarity of mind. [mutagenic meat]
  9201 | D:9      | Gained mutation: You are partially covered in iridescent scales. (AC +2) [mutagenic meat]
  9580 | D:9      | Noticed a cyclops
  9593 | D:9      | Killed a cyclops
 10316 | D:9      | Found a staircase to the Orcish Mines.
 10384 | D:10     | Entered Level 10 of the Dungeon
 10641 | D:10     | Reached skill level 12 in Long Blades
 10701 | D:10     | Noticed a centaur warrior
 10714 | D:10     | Killed a centaur warrior
 11362 | D:9      | Reached skill level 10 in Fighting
 11362 | D:9      | Reached XP level 12. HP: 13/87 MP: 12/12
 12207 | D:10     | HP: 2/87 [orc warrior/halberd of protection (6)]
 12208 | D:10     | Slain by an orc warrior

Skill      XL: |  1  2  3  4  5  6  7  8  9 10 11 |
---------------+----------------------------------+-----
Fighting       | 4 5 6 10 | 10.1
Long Blades    | 4 5 7 9 11 12 | 12.9
Shields        | 4 5 8 9 |  9.1
Armour         | 5 8 |  8.4

Action                   |  1- 3 |  4- 6 |  7- 9 | 10-12 || total
-------------------------+-------+-------+-------+-------++-------
Melee: Long sword        |   109 |   132 |   482 |   814 ||  1537
       Unarmed           |     4 |     1 |       |       ||     5
 Abil: Dig               |       |       |       |     1 ||     1
Evoke: Wand              |       |       |     1 |       ||     1
  Use: Potion            |       |     1 |     6 |    10 ||    17
       Scroll            |       |       |     5 |     2 ||     7
 Stab: Distracted        |       |       |       |     4 ||     4
  Eat: Chunk             |     1 |     3 |    15 |    21 ||    40
       Royal jelly       |       |       |       |     1 ||     1
       Meat ration       |       |       |       |     1 ||     1
Armor: Scale mail        |     1 |       |       |       ||     1
       Chain mail        |    64 |    57 |   232 |       ||   353
       Skin              |       |       |    15 |       ||    15
       Plate armour      |       |       |     7 |   347 ||   354
Dodge: Dodged            |    28 |    26 |   139 |   142 ||   335
Block: Shield            |    59 |    70 |   286 |   421 ||   836
       Rpst.: Long sword |     6 |    10 |    36 |    48 ||   100
